AoeStats
← Mr. Penis

Black Forest

503475244Analyzed
4v4 RM · 1mo ago on Aug 31, 2026· 45m 28s· 8 players
Game mode
Random Map
Map size
Large (8 player)
Population
200
Speed
Normal
Resources
Standard
Victory
Conquest
Starting age
Dark Age
Ending age
Imperial Age
RankedLock teamsTeams togetherTeam positionsShared explorationLock speedFull tech treeHidden civsTurbo modeCheats
Victory
Defeat
🇫🇷 Persians · France
1246
+12
🇦🇺 Britons · Australia
1244
+13
🇷🇺 Jurchens · Russia
1228
+13
🇺🇸 Bohemians · United States
1139
+17
🇪🇸 Persians · Spain
1187
-15
🇮🇹 Bohemians · Italy
1182
-15
🇩🇪 Britons · Germany
1159
-13
🇬🇧 Turks · United Kingdom
1143
-13
Lichtenauer_OP
2:00 Loom
12:05 Feudal Age
13:58 Double-Bit Axe
14:26 Horse Collar
17:17 Castle Age
18:42 Bow Saw
18:56 Heavy Plow
22:42 Fletching
24:50 Wheelbarrow
24:52 Bodkin Arrow
26:00 Gold Mining
25:56 Elite Skirmisher
27:04 Stone Mining
29:52 Hand Cart
29:59 Ballistics
30:09 Caravan
33:02 Imperial Age
31:15 Gold Shaft Mining
30:08 Pikeman
31:26 Fortified Wall
31:24 Treadmill Crane
31:47 Padded Archer Armor
31:48 Scale Mail Armor
33:02 Forging
33:06 Masonry
33:22 Squires
33:31 Gambesons
34:05 Chain Mail Armor
33:54 Bracer
34:18 Conscription
35:01 Chemistry
33:33 Halberdier
35:14 Leather Archer Armor
36:07 Plate Mail Armor
36:37 Yeomen
37:08 Iron Casting
39:58 Blast Furnace
40:50 Elite Longbowman
HYPNOS
0:34 Loom
14:07 Feudal Age
20:56 Castle Age
18:52 Double-Bit Axe
19:18 Horse Collar
20:50 Stone Mining
22:17 Fletching
24:52 Bodkin Arrow
26:11 Wheelbarrow
34:07 Heavy Plow
35:43 Fortified Wall
37:53 Bow Saw
40:48 Imperial Age
43:17 Hand Cart
yangcongze30
3:17 Loom
11:45 Feudal Age
15:50 Castle Age
14:09 Double-Bit Axe
17:26 Fervor
18:04 Bow Saw
20:00 Sanctity
22:43 Horse Collar
24:46 Wheelbarrow
26:23 Hand Cart
31:35 Imperial Age
28:39 Pikeman
29:09 Treadmill Crane
29:34 Heavy Plow
30:03 Masonry
30:37 Wagenburg Tactics
30:36 Scale Mail Armor
30:40 Town Watch
31:50 Chain Mail Armor
32:48 Chemistry
32:33 Town Patrol
33:44 Two-Man Saw
33:15 Conscription
33:08 Halberdier
33:48 Squires
33:34 Arson
34:16 Houfnice
35:41 Architecture
35:35 Ballistics
36:26 Forging
36:46 Plate Mail Armor
37:47 Caravan
38:18 Elite Hussite Wagon
EL CID
5:05 Loom
11:43 Feudal Age
18:14 Castle Age
17:09 Double-Bit Axe
22:51 Horse Collar
27:23 Wheelbarrow
32:31 Imperial Age
30:27 Caravan
31:53 Heavy Plow
32:41 Scale Barding Armor
32:47 Forging
33:46 Elite War Elephant
34:52 Chain Barding Armor
35:07 Iron Casting
34:42 Pikeman
35:23 Squires
36:35 Plate Barding Armor
38:43 Bloodlines
37:54 Light Cavalry
40:19 Husbandry
39:51 Hussar
43:25 Blast Furnace
Sgt. Shaftoe
1:17 Loom
12:38 Feudal Age
16:50 Castle Age
15:53 Double-Bit Axe
20:23 Horse Collar
25:24 Heavy Plow
25:45 Bow Saw
26:33 Wheelbarrow
30:11 Imperial Age
27:49 Town Watch
30:26 Chemistry
29:33 Fletching
29:53 Forging
29:44 Scale Mail Armor
30:22 Wagenburg Tactics
32:22 Two-Man Saw
31:06 Pikeman
31:47 Squires
32:09 Chain Mail Armor
32:29 Iron Casting
33:27 Fervor
33:22 Caravan
33:43 Siege Engineers
33:19 Treadmill Crane
34:07 Conscription
34:37 Hand Cart
33:50 Halberdier
36:19 Houfnice
37:43 Plate Mail Armor
37:09 Bodkin Arrow
39:09 Hussite Reforms
38:36 Heavy Scorpion
43:06 Blast Furnace
44:15 Bracer
Sahraoui
2:59 Loom
11:42 Feudal Age
12:58 Double-Bit Axe
15:37 Castle Age
14:46 Wheelbarrow
14:03 Horse Collar
23:49 Bow Saw
26:14 Heavy Plow
26:32 Hand Cart
26:11 Gold Mining
26:14 Stone Mining
28:15 Stone Shaft Mining
28:15 Gold Shaft Mining
31:39 Imperial Age
28:55 Town Watch
29:19 Scale Barding Armor
29:28 Forging
29:44 Town Patrol
30:54 Chain Barding Armor
30:49 Bloodlines
30:39 Husbandry
30:00 Light Cavalry
31:27 Elite War Elephant
32:27 Conscription
32:53 Iron Casting
32:54 Plate Barding Armor
37:56 Blast Furnace
39:15 Hussar
45:20 Two-Man Saw
43:45 Pikeman
44:25 Squires
44:11 Arson
44:11 Gambesons
44:30 Caravan
45:08 Crop Rotation
45:16 Fervor
45:21 Block Printing
45:07 Devotion
45:43 Theocracy
45:03 Herbal Medicine
45:02 Fletching
45:12 Padded Archer Armor
45:45 Coinage
45:26 Guilds
45:23 Halberdier
45:24 Man-at-Arms
45:27 Cavalier
Mr. Penis
1:13 Loom
13:04 Feudal Age
17:14 Castle Age
14:58 Horse Collar
15:04 Double-Bit Axe
19:24 Bow Saw
20:26 Heavy Plow
24:11 Gold Mining
24:13 Stone Mining
26:38 Wheelbarrow
27:16 Gold Shaft Mining
27:17 Stone Shaft Mining
28:13 Hand Cart
27:43 Town Watch
32:52 Imperial Age
30:36 Treadmill Crane
31:36 Masonry
31:36 Fortified Wall
31:33 Siege Engineers
31:49 Ballistics
32:01 Town Patrol
32:51 Fletching
32:59 Murder Holes
33:20 Fortified Bastions
33:35 Bodkin Arrow
34:06 Fervor
34:17 Sanctity
35:07 Chemistry
34:38 Architecture
33:54 Arrowslits
36:33 Conscription
36:26 Thunderclap Bombs
36:53 Hoardings
37:49 Block Printing
41:07 Illumination
42:27 Guilds
42:22 Caravan
42:52 Coinage
Rayno
0:27 Loom
11:49 Feudal Age
16:09 Castle Age
15:14 Double-Bit Axe
19:53 Wheelbarrow
20:55 Fletching
25:27 Bodkin Arrow
27:32 Padded Archer Armor
32:24 Imperial Age
31:23 Hand Cart
30:56 Town Watch
32:32 Horse Collar
33:53 Bracer
35:15 Conscription
37:46 Elite Longbowman
40:26 Yeomen
41:25 Leather Archer Armor
42:47 Gold Mining
42:48 Stone Mining
Connection lost

Rejoining the realm…

Still unreachable

The connection could not be restored.

Session expired

The server has moved on; the page needs a fresh start.